 Dungeon Crawl Stone Soup version 0.32-a0-468-g38b2580584 (webtiles) character file.

Game seed: 18058424304539883145

234 Sobieck the Ducker (level 6, -1/44 HPs)
             Began as a Coglin Brigand on Feb 24, 2024.
             Incinerated by a bombardier beetle (5 damage)
             ... with a burning spray
             ... on level 4 of the Dungeon.
             The game lasted 00:03:11 (2545 turns).

Sobieck the Ducker (Coglin Brigand)                 Turns: 2545, Time: 00:03:12

Health: -1/44      AC:  9    Str: 11    XL:     6   Next: 5%
Magic:  6/6        EV: 14    Int: 10    God:
Gold:   153        SH:  0    Dex: 18    Spells: 5/5 levels left

rFire   . . .        a - +2 dagger {Mei}
rCold   . . .        q - +0 dagger (flame) {Septima}
rNeg    . . .        n - +0 leather armour
rPois   .            j - +0 helmet
rElec   .            c - +0 cloak
rCorr   .            m - +0 pair of gloves
SInv    .            g - +2 pair of boots
Will    .....        (no amulet)
Stlth   +            (ring unavailable)
HPRegen 0.27/turn    (ring unavailable)
MPRegen 0.10/turn

%: no passive effects
@: on fire, glowing, revved
A: off-hand wielding, slow wielding, warmup strikes, no rings
a: no special abilities


You were on level 4 of the Dungeon.
You visited 1 branch of the dungeon, and saw 4 of its levels.

You collected 153 gold pieces.

Inventory:

Hand Weapons
 a - a +2 dagger (weapon) {Mei}
 h - a +0 dagger {Salvador}
 q - a +0 dagger of flaming (offhand) {Septima}
Missiles
 k - 11 poisoned darts
 F - 3 curare-tipped darts
 J - 5 atropa-tipped darts
Armour
 b - a +0 robe
 c - a +0 cloak (worn)
 g - a +2 pair of boots (worn)
 j - a +0 helmet (worn)
 m - a +0 pair of gloves (worn)
 n - a +0 leather armour (worn)
Wands
 V - a wand of flame (15)
Scrolls
 d - a scroll of poison {unknown}
 f - 2 scrolls of fear {unknown}
 i - 2 scrolls of identify {unknown}
 o - a scroll of teleportation {unknown}
 s - a scroll of fog {unknown}
 u - a scroll of enchant armour {unknown}
Potions
 e - a potion of curing {unknown}
 l - a potion of mutation {unknown}
 p - 2 potions of cancellation {unknown}
 r - 2 potions of attraction {unknown}
 t - 2 potions of magic {unknown}


   Skills:
 - Level 2.0 Fighting
 - Level 1.7 Short Blades
 - Level 1.7 Throwing
 + Level 5.3 Dodging
 - Level 3.2 Stealth


You had 5 spell levels left.
You didn't know any spells.
Your spell library contained the following spells:

 Spells                   Type           Power      Damage    Failure   Level
 Lesser Beckoning         Tloc           0%         N/A       58%         2
 Gell's Gravitas          Tloc           0%         N/A       83%         3
 Teleport Other           Tloc           0%         N/A       83%         3
 Vhi's Electric Charge    Tloc/Air       0%         N/A       99%         4
 Arcjolt                  Conj/Air       0%         1d10      100%        5
 Plasma Beam              Fire/Air       0%         2x1d10    100%        6


Dungeon Overview and Level Annotations

Branches:
Dungeon (4/15)
 Temple: D:4-7

Altars:

Shops:
D:3 [


Innate Abilities, Weirdness & Mutations

You can wield a second weapon in your off-hand.
It takes a long time for you to wield or remove held weapons.
Your first few attacks do less damage.
Your grasper-arms cannot wear rings.


Message History

The burning spray misses you.
You barely miss the bombardier beetle with your +0 dagger of flaming.
The bombardier beetle is almost dead.
You barely miss the bombardier beetle with your +2 dagger.
The quokka bites you but does no damage.
The endoplasm hits you but does no damage.
Unknown command.
You hit the bombardier beetle but do no damage.
The bombardier beetle is almost dead.
You hit the bombardier beetle but do no damage.
The quokka barely misses you. The endoplasm misses you.
The bombardier beetle bites you.
* * * LOW HITPOINT WARNING * * *
The quokka bites you but does no damage.
Unknown command.
You barely miss the bombardier beetle with your +2 dagger.
The bombardier beetle is almost dead.
You barely miss the bombardier beetle with your +0 dagger of flaming.
The endoplasm freezes you.
You are frozen.
* * * LOW HITPOINT WARNING * * *
The quokka closely misses you.
Unknown command.
You hit the bombardier beetle but do no damage.
The bombardier beetle is almost dead.
You hit the bombardier beetle with your +2 dagger.
The bombardier beetle sprays incendiary fluid at you.
The burning spray hits you.
You are covered in liquid fire!
The quokka barely misses you.
The endoplasm hits you but does no damage.
Unknown command.
Unknown command.
You hit the bombardier beetle but do no damage.
The bombardier beetle is almost dead.
You hit the bombardier beetle with your +0 dagger of flaming.
You burn the bombardier beetle.
You kill the bombardier beetle!
The liquid fire burns you!
* * * LOW HITPOINT WARNING * * *
The quokka completely misses you.
The endoplasm hits you but does no damage.
You have reached level 6!
You shake off some of the fire as you move.
The liquid fire burns you!
* * * LOW HITPOINT WARNING * * *
The endoplasm barely misses you.
You shake off some of the fire as you move.
The liquid fire burns you!
You die...

# #. ##.# ###+###
##...#####...$...
..................
..................#
.$.......@........#
......)r..........#
......†.J.........#
.............$....#
######...%........#
#............######
#...........).....#
#......$..........#
###########.......#


You could see an endoplasm and a quokka.

Vanquished Creatures
  Edmund (D:4)
  A bombardier beetle (D:4)
  4 adders
  A dart slug (D:4)
  2 ribbon worms
  5 orcs
  3 endoplasms
  3 giant cockroaches
  2 goblins
  5 hobgoblins
  2 quokkas
  4 ball pythons
  3 bats (D:1)
  2 frilled lizards (D:1)
  2 kobolds
  3 rats
43 creatures vanquished.

Vanquished Creatures (others)
  A dart slug (D:4)
1 creature vanquished.

Grand Total: 44 creatures vanquished

Notes
Turn   | Place    | Note
-------+----------+-------------------------------------------
     0 | D:1      | Sobieck the Coglin Brigand began the quest for the Orb.
     0 | D:1      | Reached XP level 1. HP: 16/16 MP: 1/1
    55 | D:1      | Reached skill level 1 in Dodging
   249 | D:1      | Reached XP level 2. HP: 22/22 MP: 2/2
   325 | D:1      | Reached skill level 2 in Dodging
   723 | D:2      | Found a faded altar of an unknown god.
  1090 | D:2      | Reached XP level 3. HP: 23/27 MP: 3/3
  1337 | D:2      | Reached skill level 3 in Dodging
  1770 | D:3      | Reached XP level 4. HP: 30/33 MP: 4/4
  2120 | D:3      | Found Fastrun's Antique Armour Shop.
  2256 | D:4      | Noticed Edmund
  2298 | D:4      | Killed Edmund
  2299 | D:4      | Reached skill level 4 in Dodging
  2299 | D:4      | Reached XP level 5. HP: 27/38 MP: 5/5
  2501 | D:4      | Reached skill level 5 in Dodging
  2544 | D:4      | Reached XP level 6. HP: 10/44 MP: 6/6
  2545 | D:4      | Incinerated by a bombardier beetle

Illustrated notes

Levels and vault maps discovered:
D:1:      nzn_arrival_depleted_hourglass, layout_basic
D:2:      layout_basic, hellmonk_ecumenical_altar_run_dry, dk_noncrumbling_3
D:3:      layout_loops_ring, serial_shops, nicolae_shop_tiny_waterfront
D:4:      layout_basic, grunt_temple_overflow_cloverleaf,
          nicolae_kikubaaqudgha_miasma_corner, uniq_edmund

Skill      XL: |  1  2  3  4  5 |
---------------+----------------+-----
Dodging        | 1 2 3 4 5 |  5.3
Fighting       | |  2.0
Short Blades   | |  1.7
Throwing       | |  1.7
Stealth        | |  3.2

Action                     |  1- 3 |  4- 6 || total
---------------------------+-------+-------++-------
  Melee: Dagger            |   117 |   106 ||   223
  Throw: Dart              |       |     2 ||     2
   Stab: Sleeping          |     7 |     1 ||     8
         Distracted        |       |     1 ||     1
 Armour: Robe              |    19 |       ||    19
         Leather armour    |    12 |    21 ||    33
  Dodge: Dodged            |    36 |    35 ||    71

Table legend: (Time is in decaauts)
 A = Elapsed time spent in this place.
 B = Non-inter-level travel time spent in this place.
 C = Inter-level travel time spent in this place.
 D = Time resting spent in this place.
 E = Time spent auto-exploring this place.
 F = Levels seen in this place.
 G = Mean time per level.
                   A        B        C        D        E       F      G
               +--------+--------+--------+--------+--------+-----+--------+
         Total |   2531 |   2427 |    104 |     85 |   1944 |   4 |  632.8 |
       Dungeon |   2531 |   2427 |    104 |     85 |   1944 |   4 |  632.8 |
               +--------+--------+--------+--------+--------+-----+--------+

Top non-repeatable levels by time:
     D:2: 806 daAuts
     D:1: 717 daAuts
     D:3: 675 daAuts
     D:4: 331 daAuts
